| TOP OF THE 1ST |
|
San Jose Volcanoes batting - Pitching for Colon Scallywags : RHP Don Robinson
|
|
Pitching: RHP Don Robinson
|
|
|
Batting: RHB Jay Schellin
|
0-0: Ground out U3 (Groundball, 3S, EV 88.8 MPH)
|
|
Batting: RHB Anthony Laurenzi
|
0-0: Foul Ball, location: 2F 0-1: Called Strike 0-2: Ball 1-2: SINGLE (Groundball, 6MD, EV 97.5 MPH)
|
|
Batting: LHB Mike LaValliere
|
0-0: Ball 1-0: Ball Anthony Laurenzi steals 2nd base 2-0: Foul Ball, location: 2F 2-1: Ball 3-1: Base on Balls
|
|
Batting: LHB Pete M O'Brien
|
0-0: Called Strike 0-1: Ball 1-1: Ball 2-1: Foul Ball, location: 2F 2-2: Ball 3-2: Base on Balls Anthony Laurenzi to third Mike LaValliere to second
|
|
Batting: RHB Jeff Spisok
|
0-0: Called Strike 0-1: Foul Ball, location: 2F 0-2: Ball 1-2: Ball 2-2: Strikes out looking
|
|
Batting: RHB Tony Evans
|
0-0: Ball Wild Pitch! Anthony Laurenzi scores Mike LaValliere to third Pete M O'Brien to second 1-0: Ball 2-0: Ball 3-0: Base on Balls
|
|
Batting: RHB Brian David
|
0-0: Ground out U3 (Groundball, 3L, EV 79.4 MPH)
|
| Top of the 1st over - 1 run, 1 hit, 0 errors, 3 left on base; San Jose 1 - Colon 0 |
| BOTTOM OF THE 1ST |
|
Colon Scallywags batting - Pitching for San Jose Volcanoes : LHP Brad Havens
|
|
Pitching: LHP Brad Havens
|
|
|
Batting: RHB Phil Bradley
|
0-0: Ball 1-0: Ball 2-0: Ball 3-0: Called Strike 3-1: Foul Ball, location: 2F 3-2: Foul Ball, location: 2F 3-2: Foul Ball, location: 2F 3-2: SINGLE (Line Drive, 89M, EV 93.8 MPH)
|
|
Batting: RHB Marty G Barrett
|
0-0: Fly out, F8 (Flyball, 8LD, EV 97.5 MPH)
|
|
Batting: SHB Willie McGee
|
0-0: Ball 1-0: Fly out, F8 (Flyball, 8RM, EV 96.3 MPH)
|
|
Batting: RHB Joe Carter
|
0-0: SINGLE (Line Drive, 56D, EV 95.0 MPH) Phil Bradley to second Phil Bradley to third
|
|
Batting: SHB Jordan Ayala
|
0-0: Ball 1-0: Foul Ball, location: 2F 1-1: Ball 2-1: Foul Ball, location: 2F 2-2: Foul Ball, location: 2F 2-2: Foul Ball, location: 2F 2-2: Ground out 4-3 (Groundball, 4, EV 80.0 MPH)
|
| Bottom of the 1st over - 0 runs, 2 hits, 0 errors, 2 left on base; San Jose 1 - Colon 0 |
| TOP OF THE 2ND |
|
San Jose Volcanoes batting - Pitching for Colon Scallywags : RHP Don Robinson
|
|
Batting: RHB David Hoyt
|
0-0: Called Strike 0-1: Called Strike 0-2: Ball 1-2: Ball 2-2: Strikes out swinging
|
|
Batting: RHB Henry Powell
|
0-0: Called Strike 0-1: Ball 1-1: Foul Ball, location: 2F 1-2: Strikes out swinging
|
|
Batting: RHB Jay Schellin
|
0-0: Hit by Pitch
|
|
Batting: RHB Anthony Laurenzi
|
0-0: Foul Ball, location: 2F 0-1: Ball 1-1: Fielders Choice at 2nd, 6-4 (Groundball, 6, EV 85.0 MPH)
|
| Top of the 2nd over - 0 runs, 0 hits, 0 errors, 1 left on base; San Jose 1 - Colon 0 |
| BOTTOM OF THE 2ND |
|
Colon Scallywags batting - Pitching for San Jose Volcanoes : LHP Brad Havens
|
|
Batting: RHB Gerry Davis
|
0-0: Called Strike 0-1: Ball 1-1: Foul Ball, location: 2F 1-2: Foul Ball, location: 2F 1-2: Ball 2-2: Ground out 5-3 (Groundball, 5, EV 87.5 MPH)
|
|
Batting: LHB Sid Bream
|
0-0: Foul Ball, location: 2F 0-1: Called Strike 0-2: Strikes out swinging
|
|
Batting: RHB Edwin Agudelo
|
0-0: Called Strike 0-1: Fly out, F7 (Line Drive, 7D, EV 106.9 MPH)
|
| Bottom of the 2nd over - 0 runs, 0 hits, 0 errors, 0 left on base; San Jose 1 - Colon 0 |
| TOP OF THE 3RD |
|
San Jose Volcanoes batting - Pitching for Colon Scallywags : RHP Don Robinson
|
|
Batting: LHB Mike LaValliere
|
0-0: Foul Ball, location: 2F 0-1: Ground out 4-3 (Groundball, 4, EV 86.3 MPH)
|
|
Batting: LHB Pete M O'Brien
|
0-0: Ball 1-0: Called Strike 1-1: Called Strike 1-2: Foul Ball, location: 2F 1-2: Ball 2-2: Ball 3-2: Foul Ball, location: 2F 3-2: Fly out, F8 (Flyball, 8LD, EV 89.4 MPH)
|
|
Batting: RHB Jeff Spisok
|
0-0: Called Strike 0-1: Ball 1-1: Ball 2-1: Foul Ball, location: 2F 2-2: Fly out, F9 (Flyball, 9, EV 91.3 MPH)
|
| Top of the 3rd over - 0 runs, 0 hits, 0 errors, 0 left on base; San Jose 1 - Colon 0 |
| BOTTOM OF THE 3RD |
|
Colon Scallywags batting - Pitching for San Jose Volcanoes : LHP Brad Havens
|
|
Batting: RHB Alejandro Luna
|
0-0: Ground out 4-3 (Groundball, 4, EV 86.3 MPH)
|
|
Batting: RHB Phil Bradley
|
0-0: Ball 1-0: Swinging Strike 1-1: Ball 2-1: Foul Ball, location: 2F 2-2: Foul Ball, location: 2F 2-2: Strikes out looking
|
|
Batting: RHB Marty G Barrett
|
0-0: Ball 1-0: Foul Ball, location: 2F 1-1: Ball 2-1: Foul Ball, location: 2F 2-2: Ground out 6-3 (Groundball, 6MD, EV 79.4 MPH)
|
| Bottom of the 3rd over - 0 runs, 0 hits, 0 errors, 0 left on base; San Jose 1 - Colon 0 |
| TOP OF THE 4TH |
|
San Jose Volcanoes batting - Pitching for Colon Scallywags : RHP Don Robinson
|
|
Batting: RHB Tony Evans
|
0-0: Ball 1-0: Called Strike 1-1: Ground out 6-3 (Groundball, 6MD, EV 79.4 MPH)
|
|
Batting: RHB Brian David
|
0-0: Foul Ball, location: 2F 0-1: Ball 1-1: Ball 2-1: Swinging Strike 2-2: Foul Ball, location: 2F 2-2: Foul Ball, location: 2F 2-2: Ball 3-2: SINGLE (Popup, 4MD, EV 46.3 MPH)
|
|
Batting: RHB David Hoyt
|
0-0: Called Strike 0-1: Called Strike 0-2: Foul Ball, location: 2F 0-2: Strikes out swinging
|
|
Batting: RHB Henry Powell
|
0-0: Called Strike 0-1: Ball 1-1: Swinging Strike 1-2: Foul Ball, location: 2F 1-2: Strikes out looking
|
| Top of the 4th over - 0 runs, 1 hit, 0 errors, 1 left on base; San Jose 1 - Colon 0 |
| BOTTOM OF THE 4TH |
|
Colon Scallywags batting - Pitching for San Jose Volcanoes : LHP Brad Havens
|
|
Batting: SHB Willie McGee
|
0-0: Ground out 4-3 (Groundball, 4M, EV 93.8 MPH)
|
|
Batting: RHB Joe Carter
|
0-0: Ball 1-0: Ball 2-0: Ball 3-0: Called Strike 3-1: DOUBLE (Flyball, 89D, EV 111.3 MPH)
|
|
Batting: SHB Jordan Ayala
|
0-0: SINGLE (Line Drive, 78S, EV 111.3 MPH) Joe Carter to third Runner from 3rd tries for Home, SAFE, throw by LF to home
|
|
Batting: RHB Gerry Davis
|
0-0: Called Strike 0-1: Foul Ball, location: 2F 0-2: Ball 1-2: Foul Ball, location: 2F 1-2: Ball 2-2: Ball 3-2: Base on Balls Jordan Ayala to second
|
|
Batting: LHB Sid Bream
|
0-0: Ball 1-0: Called Strike 1-1: Fly out, F7 (Flyball, 7S, EV 81.9 MPH)
|
|
Batting: RHB Edwin Agudelo
|
0-0: Called Strike 0-1: Ball 1-1: Ball 2-1: Ball 3-1: Called Strike 3-2: Fly out, F9 (Flyball, 9, EV 80.6 MPH)
|
| Bottom of the 4th over - 1 run, 2 hits, 0 errors, 2 left on base; San Jose 1 - Colon 1 |
| TOP OF THE 5TH |
|
San Jose Volcanoes batting - Pitching for Colon Scallywags : RHP Don Robinson
|
|
Batting: RHB Jay Schellin
|
0-0: Ball 1-0: Ball 2-0: Swinging Strike 2-1: Foul Ball, location: 2F 2-2: Foul Ball, location: 2F 2-2: Ball 3-2: Foul Ball, location: 2F 3-2: Base on Balls
|
|
Batting: RHB Anthony Laurenzi
|
0-0: Foul Ball, location: 2F 0-1: Ball 1-1: Called Strike 1-2: Ball 2-2: Foul Ball, location: 2F 2-2: Ball 3-2: Fly out, F4 (Popup, 34D, EV 71.3 MPH)
|
|
Batting: LHB Mike LaValliere
|
0-0: Called Strike Jay Schellin steals 2nd base 0-1: Ball 1-1: Ball 2-1: Ball 3-1: Fly out, F8 (Flyball, 8RD, EV 104.4 MPH) Runner from 2nd tags up, SAFE at 3rd with throw by CF
|
|
Batting: LHB Pete M O'Brien
|
0-0: Called Strike 0-1: Ground out U3 (Groundball, 3, EV 98.8 MPH)
|
| Top of the 5th over - 0 runs, 0 hits, 0 errors, 1 left on base; San Jose 1 - Colon 1 |
| BOTTOM OF THE 5TH |
|
Colon Scallywags batting - Pitching for San Jose Volcanoes : LHP Brad Havens
|
|
Batting: RHB Alejandro Luna
|
0-0: Called Strike 0-1: Ball 1-1: Ball 2-1: Called Strike 2-2: Fly out, F7 (Flyball, 7, EV 90.0 MPH)
|
|
Batting: RHB Phil Bradley
|
0-0: Ball 1-0: Fly out, F1 (Line Drive, P, EV 72.5 MPH)
|
|
Batting: RHB Marty G Barrett
|
0-0: Swinging Strike 0-1: Called Strike 0-2: Ball 1-2: Foul Ball, location: 2F 1-2: Ball 2-2: Foul Ball, location: 2F 2-2: Ball 3-2: Foul Ball, location: 2F 3-2: Fly out, F9 (Flyball, 89S, EV 90.0 MPH)
|
| Bottom of the 5th over - 0 runs, 0 hits, 0 errors, 0 left on base; San Jose 1 - Colon 1 |
| TOP OF THE 6TH |
|
San Jose Volcanoes batting - Pitching for Colon Scallywags : RHP Don Robinson
|
|
Batting: RHB Jeff Spisok
|
0-0: Ball 1-0: SINGLE (Groundball, 6MS, EV 68.1 MPH) (infield hit)
|
|
Batting: RHB Tony Evans
|
0-0: Foul Ball, location: 2F 0-1: Called Strike 0-2: Ball 1-2: Foul Ball, location: 2F 1-2: Ball 2-2: SINGLE (Line Drive, 34D, EV 95.6 MPH) Jeff Spisok to second Runner from 2nd tries for 3rd, SAFE, no throw by RF
|
|
Pitching: RHP Duane Theiss
|
|
|
Batting: RHB Brian David
|
0-0: Ball 1-0: Called Strike 1-1: Ball 2-1: Fly out, F8 (Line Drive, 8RD, EV 96.3 MPH) Runner from 3rd tags up, SCORES, no throw by CF
|
|
Batting: RHB David Hoyt
|
0-0: Called Strike 0-1: Called Strike 0-2: Ball 1-2: Strikes out looking
|
|
Batting: RHB Henry Powell
|
0-0: Called Strike 0-1: Foul Ball, location: 2F 0-2: Strikes out swinging
|
| Top of the 6th over - 1 run, 2 hits, 0 errors, 1 left on base; San Jose 2 - Colon 1 |
| BOTTOM OF THE 6TH |
|
Colon Scallywags batting - Pitching for San Jose Volcanoes : LHP Brad Havens
|
|
Batting: SHB Willie McGee
|
0-0: SINGLE (Line Drive, 9S, EV 95.6 MPH)
|
|
Batting: RHB Joe Carter
|
0-0: Called Strike 0-1: Called Strike 0-2: Strikes out looking
|
|
Batting: SHB Jordan Ayala
|
0-0: Ball 1-0: SINGLE (Line Drive, 8LS, EV 109.4 MPH) Willie McGee to second
|
|
Batting: RHB Gerry Davis
|
0-0: Called Strike Willie McGee steals 3rd base Jordan Ayala to second 0-1: Called Strike 0-2: Ball 1-2: Ball 2-2: Ball 3-2: Foul Ball, location: 2F 3-2: Foul Ball, location: 2F 3-2: Foul Ball, location: 2F 3-2: Foul Ball, location: 2F 3-2: Foul Ball, location: 2F 3-2: Base on Balls
|
|
Batting: LHB Sid Bream
|
0-0: Ball 1-0: Fly out, F8 (Flyball, 78M, EV 75.6 MPH) Runner from 3rd tags up, SCORES, no throw by CF
|
|
Batting: RHB Edwin Agudelo
|
0-0: Ball 1-0: Ball 2-0: Called Strike 2-1: Foul Ball, location: 2F 2-2: SINGLE (Groundball, 56D, EV 98.8 MPH) Jordan Ayala to third Gerry Davis to second Runner from 3rd tries for Home, SAFE, throw by LF to home
|
|
Batting: RHB Alejandro Luna
|
0-0: Ball 1-0: SINGLE (Line Drive, 34D, EV 96.9 MPH) Gerry Davis to third Edwin Agudelo to second Runner from 3rd tries for Home, SAFE, throw by RF to home
|
|
Batting: RHB Phil Bradley
|
0-0: Ball Passed Ball! Edwin Agudelo to third Alejandro Luna to second 1-0: SINGLE (Line Drive, 5D, EV 96.9 MPH) Edwin Agudelo scores Alejandro Luna to third Runner from 3rd tries for Home, SAFE, throw by LF to home
|
|
Pitching: LHP Neal Heaton
|
|
|
Batting: RHB Marty G Barrett
|
0-0: Called Strike 0-1: Ball 1-1: Swinging Strike 1-2: DOUBLE (Line Drive, 89D, EV 100.6 MPH) Phil Bradley to third Phil Bradley scores
|
|
Batting: SHB Willie McGee
|
0-0: Ball 1-0: Swinging Strike 1-1: Ground out 3-1 (Groundball, 34, EV 86.3 MPH)
|
| Bottom of the 6th over - 6 runs, 6 hits, 0 errors, 1 left on base; San Jose 2 - Colon 7 |
| TOP OF THE 7TH |
|
San Jose Volcanoes batting - Pitching for Colon Scallywags : RHP Duane Theiss
|
|
Batting: RHB Jay Schellin
|
0-0: Ball 1-0: Ball 2-0: Ball 3-0: Base on Balls
|
|
Batting: RHB Anthony Laurenzi
|
0-0: Ball 1-0: Ball 2-0: Called Strike 2-1: Fly out, F8 (Flyball, 8RD, EV 92.5 MPH)
|
|
Batting: LHB Mike LaValliere
|
0-0: Foul Ball, location: 2F 0-1: Foul Ball, location: 2F 0-2: Ball 1-2: Foul Ball, location: 2F 1-2: Foul Ball, location: 2F 1-2: Foul Ball, location: 2F 1-2: SINGLE (Line Drive, 34, EV 94.4 MPH) Jay Schellin to second
|
|
Batting: LHB Pete M O'Brien
|
0-0: Ball 1-0: SINGLE (Line Drive, 6M, EV 95.6 MPH) Jay Schellin to third Mike LaValliere to second Runner from 3rd tries for Home, SAFE, throw by CF to home
|
|
Batting: RHB Jeff Spisok
|
0-0: Called Strike 0-1: Fielders Choice at 2nd, 5-4 (Groundball, 56, EV 78.1 MPH) Mike LaValliere to third
|
|
Pitching: RHP Willie Mueller
|
|
|
Batting: RHB Tony Evans
|
0-0: Ball 1-0: Called Strike 1-1: Foul Ball, location: 2F 1-2: Strikes out looking
|
| Top of the 7th over - 1 run, 2 hits, 0 errors, 2 left on base; San Jose 3 - Colon 7 |
| BOTTOM OF THE 7TH |
|
Colon Scallywags batting - Pitching for San Jose Volcanoes : LHP Neal Heaton
|
|
Batting: RHB Joe Carter
|
0-0: Called Strike 0-1: Ball 1-1: Ball 2-1: Ground out 5-3 (Groundball, 56, EV 105.6 MPH)
|
|
Batting: SHB Jordan Ayala
|
0-0: Ball 1-0: Ball 2-0: Called Strike 2-1: Foul Ball, location: 2F 2-2: Fly out, F8 (Flyball, 78S, EV 85.0 MPH)
|
|
Batting: RHB Gerry Davis
|
0-0: Called Strike 0-1: Ball 1-1: Ball 2-1: Ball 3-1: Base on Balls
|
|
Batting: LHB Sid Bream
|
0-0: Swinging Strike 0-1: SINGLE (Line Drive, 8RS, EV 106.3 MPH) Gerry Davis to second Runner from 2nd tries for 3rd, OUT! 9-5
|
| Bottom of the 7th over - 0 runs, 1 hit, 0 errors, 1 left on base; San Jose 3 - Colon 7 |
| TOP OF THE 8TH |
|
San Jose Volcanoes batting - Pitching for Colon Scallywags : RHP Willie Mueller
|
|
Batting: RHB Brian David
|
0-0: Ball 1-0: Ball 2-0: Swinging Strike 2-1: Swinging Strike 2-2: Foul Ball, location: 2F 2-2: Strikes out swinging
|
|
Batting: RHB David Hoyt
|
0-0: Ball 1-0: Ball 2-0: Ball 3-0: Called Strike 3-1: Called Strike 3-2: Fly out, F7 (Flyball, 7, EV 83.1 MPH)
|
|
Batting: RHB Henry Powell
|
0-0: Swinging Strike 0-1: Foul Ball, location: 2F 0-2: Strikes out swinging
|
| Top of the 8th over - 0 runs, 0 hits, 0 errors, 0 left on base; San Jose 3 - Colon 7 |
| BOTTOM OF THE 8TH |
|
Colon Scallywags batting - Pitching for San Jose Volcanoes : LHP Neal Heaton
|
|
Batting: RHB Edwin Agudelo
|
0-0: Ball 1-0: Fly out, F8 (Line Drive, 8LD, EV 103.1 MPH)
|
|
Batting: RHB Alejandro Luna
|
0-0: Ball 1-0: Foul Ball, location: 2F 1-1: Foul Ball, location: 2F 1-2: Foul Ball, location: 2F 1-2: Strikes out swinging
|
|
Batting: RHB Phil Bradley
|
0-0: Swinging Strike 0-1: Ground out 4-3 (Groundball, 4S, EV 67.5 MPH)
|
| Bottom of the 8th over - 0 runs, 0 hits, 0 errors, 0 left on base; San Jose 3 - Colon 7 |
| TOP OF THE 9TH |
|
San Jose Volcanoes batting - Pitching for Colon Scallywags : RHP Willie Mueller
|
|
Batting: RHB Jay Schellin
|
0-0: Ball 1-0: Foul Ball, location: 2F 1-1: SINGLE (Groundball, 34D, EV 90.6 MPH) (infield hit)
|
|
Batting: RHB Anthony Laurenzi
|
0-0: Ball 1-0: Called Strike 1-1: Foul Ball, location: 2F 1-2: Foul Ball, location: 2F 1-2: Ball 2-2: Ground out 5-3 (Groundball, 56S, EV 73.1 MPH) Jay Schellin to second
|
|
Batting: LHB Mike LaValliere
|
0-0: Called Strike 0-1: Ball 1-1: Ball 2-1: DOUBLE (Line Drive, 9LS, EV 97.5 MPH) Jay Schellin scores
|
|
Pitching: RHP Oscar Silva
|
|
|
Now at 1B: Terry Lee
|
|
|
Now at 3B: Dave Aponte
|
|
|
Now at SS: Alex Zermeno
|
|
|
Batting: LHB Pete M O'Brien
|
0-0: Ball 1-0: Ball 2-0: Ground out 4-3 (Groundball, 34D, EV 88.8 MPH) Mike LaValliere to third
|
|
Batting: RHB Jeff Spisok
|
0-0: Ball 1-0: Called Strike 1-1: Ball 2-1: Swinging Strike 2-2: Strikes out looking
|
| Top of the 9th over - 1 run, 2 hits, 0 errors, 1 left on base; San Jose 4 - Colon 7 |
|